General information
- name: BNet
- type: Ladder team game (AT/RT)
- host: Battle.net
- saver: CAMELOT-ARTHUR
map: Friends
- players: 8
- length: 36:08
- speed: Fast
- version: 1.26 W3XP
- replay type: Public
» download(219 KB)
Players
team 1 (winner)
gay-muslims (
blue | 80 APM | 1529 actions | 19:04)
2 Archmage
1 Summon Water Elemental
1 Brilliance Aura
2 Death Knight
1 Death Coil
1 Unholy Aura
1 Crypt Lord
1 Impale
1 Lich
1 Frost Armor
» actions
| Assign group hotkey | 26 | |
| Basic commands | 139 | |
| Build / train | 90 | |
| ESC pressed | 9 | |
| Enter build submenu | 47 | |
| Enter hero's abilities submenu | 6 | |
| Give item / drop item | 2 | |
| Right click | 520 | |
| Select / deselect | 307 | |
| Select group hotkey | 302 | |
| Use ability | 81 | |
1529 total
» units
| Acolyte | 3 | |
| Peasant | 8 | |
| Ghoul | 6 | |
| Crypt Fiend | 8 | |
| Footman | 6 | |
| Obsidian Statue | 2 | |
| Gryphon Rider | 6 | |
| Frost Wyrm | 1 | |
40 total
» upgrades
| Masonry | 3 | |
| Web | 1 | |
| Burrow | 1 | |
| Swords | 2 | |
| Plating | 1 | |
| Lumber Harvesting | 2 | |
| Armor | 2 | |
| Storm Hammers | 2 | |
| Creature Attack | 1 | |
| Creature Carapace | 1 | |
16 total
» buildings
| Altar of Kings | 1 | |
| Farm | 13 | |
| Ziggurat | 7 | |
| Crypt | 1 | |
| Altar of Darkness | 1 | |
| Graveyard | 1 | |
| Tomb of Relics | 1 | |
| Scout Tower | 3 | |
| Nerubian Tower | 4 | |
| Barracks | 1 | |
| Arcane Tower | 4 | |
| Guard Tower | 1 | |
| Halls of the Dead | 1 | |
| Keep | 1 | |
| Blacksmith | 1 | |
| Spirit Tower | 1 | |
| Slaughterhouse | 1 | |
| Castle | 1 | |
| Gryphon Aviary | 3 | |
| Arcane Vault | 1 | |
| Necropolis | 3 | |
| Black Citadel | 1 | |
| Sacrificial Pit | 1 | |
| Boneyard | 2 | |
55 total
» build order
00:33 Altar of Kings
00:39 Farm
00:46 Ziggurat
00:49 Crypt
00:57 Altar of Darkness
01:11 Graveyard
01:19 Farm
01:23 Tomb of Relics
01:38 Scout Tower
01:44 Nerubian Tower
01:44 Nerubian Tower
02:01 Barracks
02:16 Arcane Tower
02:16 Arcane Tower
02:18 Farm
02:40 Ziggurat
03:01 Scout Tower
03:16 Scout Tower
04:04 Guard Tower
04:05 Arcane Tower
04:20 Farm
04:33 Nerubian Tower
04:33 Nerubian Tower
05:28 Halls of the Dead
05:33 Ziggurat
05:43 Keep
05:46 Farm
05:51 Blacksmith
06:58 Spirit Tower
07:00 Ziggurat
08:54 Ziggurat
08:57 Slaughterhouse
09:14 Castle
09:20 Gryphon Aviary
09:22 Farm
09:35 Gryphon Aviary
09:39 Gryphon Aviary
10:02 Arcane Vault
10:07 Farm
10:32 Necropolis
11:22 Necropolis
11:59 Black Citadel
13:28 Farm
13:30 Farm
13:35 Farm
13:46 Sacrificial Pit
15:13 Boneyard
15:17 Boneyard
15:24 Ziggurat
15:25 Ziggurat
16:13 Farm
16:14 Farm
16:16 Farm
17:49 Necropolis
» items
| Rod of Necromancy | 2 | |
| Scroll of Town Portal | 4 | |
6 total
CAMELOT-ARTHUR (
green | 52 APM | 1884 actions | 36:08)
4 Blademaster
2 Wind Walk
2 Critical Strike
3 Shadow Hunter
2 Hex
1 Healing Wave
1 Archmage
1 Summon Water Elemental
» actions
| Assign group hotkey | 35 | |
| Basic commands | 75 | |
| Build / train | 51 | |
| Enter build submenu | 13 | |
| Enter hero's abilities submenu | 8 | |
| Give item / drop item | 3 | |
| Right click | 778 | |
| Select / deselect | 279 | |
| Select group hotkey | 526 | |
| Use ability | 116 | |
1884 total
» units
| Peon | 7 | |
| Grunt | 4 | |
| Raider | 7 | |
| Goblin Shredder | 2 | |
| Goblin Zeppelin | 3 | |
23 total
» upgrades
| Ensnare | 1 | |
| Reinforced Defenses | 1 | |
| Melee Weapons | 1 | |
| Armor | 1 | |
4 total
» buildings
| Altar of Storms | 1 | |
| Orc Burrow | 6 | |
| Barracks | 1 | |
| Voodoo Lounge | 2 | |
| Stronghold | 1 | |
| Beastiary | 2 | |
| War Mill | 1 | |
| Fortress | 2 | |
| Watch Tower | 9 | |
25 total
» build order
00:11 Altar of Storms
00:22 Orc Burrow
00:37 Barracks
01:28 Orc Burrow
02:06 Voodoo Lounge
03:26 Stronghold
03:30 Orc Burrow
05:14 Orc Burrow
06:01 Beastiary
06:01 Beastiary
07:08 War Mill
09:04 Fortress
09:36 Orc Burrow
09:37 Orc Burrow
11:30 Voodoo Lounge
13:42 Watch Tower
13:42 Watch Tower
13:43 Watch Tower
13:44 Watch Tower
13:45 Watch Tower
13:46 Watch Tower
13:47 Watch Tower
13:49 Watch Tower
13:49 Watch Tower
» items
| Healing Salve | 4 | |
| Lesser Clarity Potion | 1 | |
| Book of the Dead | 1 | |
| Scroll of Town Portal | 3 | |
| Potion of Healing | 1 | |
10 total
Lukcid (
purple | 0 APM | 0 actions | 00:05)
ExitMusic (
yellow | 21 APM | 759 actions | 36:07)
3 Archmage
1 Blizzard
1 Summon Water Elemental
1 Brilliance Aura
» actions
| Assign group hotkey | 7 | |
| Basic commands | 29 | |
| Build / train | 48 | |
| Enter build submenu | 36 | |
| Enter hero's abilities submenu | 3 | |
| Remove unit from queue | 4 | |
| Right click | 160 | |
| Select / deselect | 345 | |
| Select group hotkey | 50 | |
| Use ability | 77 | |
759 total
» units
| Peasant | 16 | |
| Rifleman | 6 | |
| Goblin Zeppelin | 2 | |
| Goblin Shredder | 2 | |
26 total
» upgrades
» buildings
| Altar of Kings | 1 | |
| Farm | 9 | |
| Lumber Mill | 2 | |
| Scout Tower | 28 | |
| Blacksmith | 1 | |
| Arcane Tower | 2 | |
| Barracks | 4 | |
| Keep | 1 | |
| Guard Tower | 9 | |
| Arcane Vault | 2 | |
| Town Hall | 7 | |
66 total
» build order
00:28 Altar of Kings
00:43 Farm
01:05 Lumber Mill
01:22 Lumber Mill
01:26 Scout Tower
01:35 Blacksmith
01:57 Arcane Tower
02:28 Barracks
02:47 Barracks
03:10 Scout Tower
03:36 Keep
03:45 Guard Tower
04:50 Scout Tower
04:51 Scout Tower
05:11 Scout Tower
05:12 Scout Tower
05:30 Guard Tower
06:02 Guard Tower
06:08 Barracks
06:09 Barracks
06:13 Scout Tower
06:14 Scout Tower
06:18 Scout Tower
06:18 Scout Tower
06:54 Guard Tower
07:17 Guard Tower
07:31 Farm
07:32 Farm
07:34 Farm
07:35 Farm
09:17 Farm
09:45 Farm
09:46 Farm
10:03 Arcane Vault
10:23 Arcane Vault
11:38 Keep
11:43 Scout Tower
11:44 Scout Tower
13:11 Guard Tower
14:09 Town Hall
15:29 Scout Tower
15:30 Scout Tower
15:31 Scout Tower
15:32 Scout Tower
15:33 Scout Tower
16:04 Guard Tower
18:05 Guard Tower
18:17 Scout Tower
21:58 Town Hall
22:21 Town Hall
23:12 Scout Tower
23:13 Scout Tower
23:13 Scout Tower
23:19 Scout Tower
23:19 Scout Tower
23:21 Scout Tower
24:15 Guard Tower
27:47 Farm
28:04 Town Hall
28:11 Town Hall
28:15 Town Hall
28:37 Town Hall
29:28 Scout Tower
29:29 Scout Tower
29:35 Scout Tower
29:37 Scout Tower
30:15 Arcane Tower
» items
team 2 (loser)

»
W0P (
teal | 66 APM | 2378 actions | 36:07)
5 Archmage
2 Summon Water Elemental
3 Blizzard
» actions
| Assign group hotkey | 21 | |
| Basic commands | 35 | |
| Build / train | 54 | |
| Enter build submenu | 26 | |
| Enter hero's abilities submenu | 5 | |
| Right click | 1444 | |
| Select / deselect | 314 | |
| Select group hotkey | 429 | |
| Use ability | 50 | |
2378 total
» units
| Peasant | 14 | |
| Rifleman | 7 | |
| Mortar Team | 5 | |
| Siege Engine | 2 | |
28 total
» upgrades
| Gunpowder | 3 | |
| Armor | 3 | |
| Long Rifles | 1 | |
| Lumber Harvesting | 1 | |
| Fragmentation Shards | 1 | |
| Flare | 1 | |
| Barrage | 1 | |
11 total
» buildings
| Altar of Kings | 1 | |
| Farm | 11 | |
| Blacksmith | 1 | |
| Lumber Mill | 2 | |
| Barracks | 2 | |
| Keep | 2 | |
| Arcane Vault | 1 | |
| Workshop | 2 | |
| Castle | 1 | |
| Town Hall | 1 | |
24 total
» build order
00:12 Altar of Kings
00:16 Farm
01:06 Blacksmith
01:13 Farm
01:39 Lumber Mill
02:37 Barracks
02:57 Barracks
03:52 Farm
03:58 Farm
04:25 Farm
05:16 Farm
06:33 Keep
06:43 Arcane Vault
08:51 Farm
09:35 Workshop
10:32 Workshop
11:36 Farm
13:20 Farm
13:24 Castle
14:12 Lumber Mill
15:59 Town Hall
24:05 Farm
24:45 Farm
» items
| Scroll of Regeneration | 3 | |
| Scroll of Town Portal | 1 | |
4 total

»
PIMP_MY_RAT (
orange | 166 APM | 5484 actions | 33:02)
8 Blademaster
3 Wind Walk
3 Critical Strike
1 Bladestorm
1 Mirror Image
» actions
| Assign group hotkey | 19 | |
| Basic commands | 19 | |
| Build / train | 85 | |
| ESC pressed | 11 | |
| Enter build submenu | 17 | |
| Enter hero's abilities submenu | 8 | |
| Give item / drop item | 2 | |
| Right click | 2206 | |
| Select / deselect | 417 | |
| Select group hotkey | 2500 | |
| Use ability | 200 | |
5484 total
» units
| Peon | 9 | |
| Grunt | 11 | |
| Shaman | 10 | |
| Troll Headhunter/Berserker | 5 | |
| Demolisher | 1 | |
| Troll Witch Doctor | 1 | |
| Goblin Sapper | 2 | |
39 total
» upgrades
| Berserker Strength | 1 | |
| Shaman Training | 2 | |
| Pillage | 1 | |
| Burning Oil | 1 | |
| Troll Regeneration | 1 | |
| Berserker Upgrade | 1 | |
| Witch Doctor Training | 3 | |
10 total
» buildings
| Altar of Storms | 1 | |
| Orc Burrow | 8 | |
| Voodoo Lounge | 1 | |
| Barracks | 3 | |
| Stronghold | 1 | |
| Fortress | 1 | |
| Spirit Lodge | 2 | |
| War Mill | 1 | |
| Beastiary | 1 | |
19 total
» build order
00:12 Altar of Storms
00:20 Orc Burrow
00:41 Voodoo Lounge
01:29 Barracks
01:59 Orc Burrow
02:15 Orc Burrow
03:08 Stronghold
04:51 Orc Burrow
05:56 Fortress
05:58 Spirit Lodge
06:32 Spirit Lodge
06:47 Orc Burrow
16:22 War Mill
16:34 Barracks
16:35 Barracks
17:41 Orc Burrow
18:28 Orc Burrow
20:31 Orc Burrow
32:52 Beastiary
» items
| Lesser Clarity Potion | 5 | |
| Healing Salve | 11 | |
| Scroll of Speed | 1 | |
| Scroll of Town Portal | 4 | |
| Orb of Lightning | 1 | |
22 total

»
MittRomneyFresh (
red | 36 APM | 1284 actions | 36:07)
3 Dreadlord
1 Sleep
2 Vampiric Aura
» actions
| Basic commands | 261 | |
| Build / train | 65 | |
| Enter build submenu | 24 | |
| Enter hero's abilities submenu | 3 | |
| Give item / drop item | 1 | |
| Right click | 488 | |
| Select / deselect | 350 | |
| Use ability | 92 | |
1284 total
» units
| Acolyte | 8 | |
| Ghoul | 9 | |
| Goblin Shredder | 3 | |
| Necromancer | 8 | |
| Forest Troll Shadow Priest | 2 | |
| Forest Troll Berserker | 2 | |
| Mud Golem | 2 | |
| Ogre Mauler | 2 | |
36 total
» upgrades
| Skeletal Longevity | 1 | |
| Skeletal Mastery | 1 | |
| Necromancer Training | 2 | |
| Unholy Strength | 1 | |
| Unholy Armor | 1 | |
6 total
» buildings
| Altar of Darkness | 1 | |
| Ziggurat | 28 | |
| Crypt | 1 | |
| Tomb of Relics | 1 | |
| Graveyard | 1 | |
| Spirit Tower | 10 | |
| Halls of the Dead | 1 | |
| Black Citadel | 1 | |
| Temple of the Damned | 2 | |
| Necropolis | 1 | |
47 total
» build order
00:18 Altar of Darkness
00:21 Ziggurat
00:51 Crypt
01:02 Ziggurat
01:50 Tomb of Relics
02:02 Graveyard
03:07 Ziggurat
03:25 Spirit Tower
04:56 Spirit Tower
04:58 Halls of the Dead
05:00 Ziggurat
05:08 Ziggurat
05:28 Ziggurat
05:33 Ziggurat
05:54 Spirit Tower
06:02 Spirit Tower
06:49 Spirit Tower
07:00 Ziggurat
07:57 Spirit Tower
08:21 Black Citadel
09:20 Temple of the Damned
09:22 Temple of the Damned
09:29 Ziggurat
09:36 Ziggurat
10:51 Spirit Tower
13:40 Ziggurat
13:42 Ziggurat
16:58 Spirit Tower
21:07 Ziggurat
21:13 Ziggurat
21:16 Ziggurat
21:18 Ziggurat
21:20 Ziggurat
21:26 Ziggurat
22:32 Spirit Tower
22:43 Ziggurat
22:44 Ziggurat
22:45 Ziggurat
22:48 Ziggurat
22:50 Ziggurat
22:51 Ziggurat
22:53 Ziggurat
22:55 Ziggurat
23:57 Spirit Tower
24:49 Ziggurat
24:50 Ziggurat
30:57 Necropolis
» items
| Potion of Healing | 5 | |
| Rod of Necromancy | 1 | |
| Orb of Corruption | 1 | |
7 total
glome (
pink | 25 APM | 917 actions | 36:07)
4 Goblin Tinker
2 Pocket Factory
2 Engineering Upgrade
4 Goblin Alchemist
2 Healing Spray
2 Chemical Rage
4 Pandaren Brewmaster
2 Breath of Fire
2 Drunken Haze
» actions
| Assign group hotkey | 20 | |
| Basic commands | 14 | |
| Build / train | 62 | |
| Enter build submenu | 21 | |
| Enter hero's abilities submenu | 14 | |
| Right click | 253 | |
| Select / deselect | 202 | |
| Select group hotkey | 274 | |
| Use ability | 57 | |
917 total
» units
| Peasant | 8 | |
| Footman | 16 | |
| Knight | 10 | |
34 total
» upgrades
| Swords | 3 | |
| Plating | 3 | |
| Animal War Training | 1 | |
| Lumber Harvesting | 2 | |
9 total
» buildings
| Altar of Kings | 1 | |
| Barracks | 2 | |
| Farm | 15 | |
| Lumber Mill | 1 | |
| Keep | 1 | |
| Blacksmith | 1 | |
| Castle | 1 | |
22 total
» build order
00:23 Altar of Kings
00:41 Barracks
00:53 Farm
01:08 Farm
01:37 Lumber Mill
02:25 Farm
03:15 Keep
04:32 Farm
05:14 Blacksmith
05:17 Farm
06:43 Castle
06:59 Barracks
07:55 Farm
08:53 Farm
12:04 Farm
12:07 Farm
12:16 Farm
13:29 Farm
13:32 Farm
13:36 Farm
20:33 Farm
20:36 Farm
» items
| Scroll of Town Portal | 1 | |
| Scroll of Regeneration | 1 | |
2 total
Chat log
(00:09 / All) glome: LOL
(00:09 / All) MittRomneyFresh: omg
(00:10 / Allies) ExitMusic: stay
(00:12 / All) MittRomneyFresh: fucking fags
(00:12 / Allies) ExitMusic: want me to get?
(00:20 / Allies) gay-muslims: if u can
(00:21 / Allies) ExitMusic: who has him?
(00:25 / All) MittRomneyFresh: dont join if ur gonna leave
(00:34 / All) CAMELOT-ARTHUR: why are u tellign us?
(00:45 / All) MittRomneyFresh: excuse me green
(00:57 / All) MittRomneyFresh: you only speak when i tell you to
(01:03 / All) CAMELOT-ARTHUR: yes sir
(01:09 / All) MittRomneyFresh: thats better
(01:20 / All) glome: I wouldnt do it
(03:01 / All) MittRomneyFresh: your team blows
(03:31 / Allies) gay-muslims: grn
(03:39 / Allies) gay-muslims: wtf
(03:50 / Allies) gay-muslims: shit face grn
(03:51 / Allies) ExitMusic: thanks team
(03:54 / Allies) ExitMusic: great job
(04:00 / Allies) gay-muslims: idiot
(04:41 / Allies) ExitMusic: shit team
(04:43 / Allies) ExitMusic: thanks assholes
(04:50 / Allies) gay-muslims: grn u suck
(05:08 / Allies) CAMELOT-ARTHUR: i wont help him if he cant defend against a lousy bm and tinker
(05:23 / Allies) ExitMusic: we share a base, fuckhead
(06:42 / Allies) ExitMusic: now, instead of getting an army, I have to spend all my money on towers
(06:50 / Allies) ExitMusic: because I am stuck defending my base against two of them by myself
(06:59 / Allies) CAMELOT-ARTHUR: it was just 2 heros fool
(07:01 / Allies) CAMELOT-ARTHUR: its not tha thard
(07:03 / Allies) CAMELOT-ARTHUR: they arent good
(07:03 / Allies) ExitMusic: so don't get pissed at me later when I have no units
(07:08 / Allies) ExitMusic: and I had 1
(07:11 / Allies) ExitMusic: 2 v 1
(07:14 / Allies) ExitMusic: do the math, fuckhead
(09:59 / Allies) CAMELOT-ARTHUR: come yellow, creep, do something, you have to carry your weight
(10:10 / Allies) ExitMusic: read my earlier comments, fuckhead
(16:05 / All) CAMELOT-ARTHUR: dumb nigger
(16:10 / All) glome: LOL
(17:29 / Allies) gay-muslims: meet all
(17:59 / Allies) gay-muslims: grn
(18:05 / Allies) gay-muslims: shit facer
(18:36 / Allies) ExitMusic: wtf?
(18:46 / Allies) ExitMusic: wtf green?
(18:59 / Allies) ExitMusic: shit team
(19:01 / Allies) gay-muslims: stuyhpid cunt
(19:18 / Allies) ExitMusic: what is your fucking problem, faggot?
(19:48 / Allies) ExitMusic: you're total shit, green
(19:52 / Allies) CAMELOT-ARTHUR: lawl
(19:58 / Allies) CAMELOT-ARTHUR: 3 weeks ago,
(20:06 / Allies) CAMELOT-ARTHUR: u tanked my base on cherryville, and then my friend killed you
(20:08 / Allies) CAMELOT-ARTHUR: this is revenge
(20:28 / Allies) ExitMusic: OK, if that was true... let it go
(20:36 / Allies) ExitMusic: you're a faggot for holding a grudge over a vidego game
(20:47 / All) CAMELOT-ARTHUR: its called pride, yellow
(20:50 / All) CAMELOT-ARTHUR: flat out pride
(20:55 / Allies) ExitMusic: no, it's called homosexuality
(21:04 / Allies) ExitMusic: it's a fucking video game
(21:10 / All) CAMELOT-ARTHUR: no its not,
(21:12 / All) CAMELOT-ARTHUR: its a hobby
(21:18 / All) CAMELOT-ARTHUR: if you offend me in my hobby
(21:20 / All) CAMELOT-ARTHUR: i get revenge
(21:21 / Allies) ExitMusic: and you've been waiting, what three weeks? for revenge?
(21:23 / Allies) ExitMusic: So sad.
(21:27 / Allies) ExitMusic: Pathetic really.
(21:41 / All) CAMELOT-ARTHUR: you disobeyed me yellow
(21:45 / Allies) ExitMusic: I feel bad for you more than anything else
(21:45 / All) CAMELOT-ARTHUR: so u needed to die
(21:54 / Allies) ExitMusic: You sound like a fucking faggot
(22:04 / Allies) ExitMusic: so I cant really be surprised
(22:38 / All) CAMELOT-ARTHUR: i can let it go now yellow
(22:43 / All) CAMELOT-ARTHUR: now that i got the last word
(22:48 / Allies) ExitMusic: You didn't
(22:59 / All) CAMELOT-ARTHUR: you would be wise not to talk trash the next we play
(23:00 / Allies) ExitMusic: I called you a faggot for holding a video game grudge
(23:02 / Allies) ExitMusic: and it's pathetic
(23:06 / Allies) ExitMusic: and you can't argue otherwise
(23:16 / All) CAMELOT-ARTHUR: its not a grudge, its pride
(23:20 / All) CAMELOT-ARTHUR: throw video games out the window
(23:27 / All) CAMELOT-ARTHUR: you offended me last game, so i got revenge
(23:29 / Allies) ExitMusic: no, it's fucking childishness
(23:32 / All) CAMELOT-ARTHUR: its a matter of pride
(23:39 / Allies) ExitMusic: It's just pathetic
(24:40 / Allies) ExitMusic: so sad
(24:44 / All) CAMELOT-ARTHUR: concede defeat yellow
(25:05 / Allies) ExitMusic: LOL... do you think you have accomplished anything here?
(25:15 / Allies) ExitMusic: Do you think I have learned a lesson?
(25:19 / All) CAMELOT-ARTHUR: yes
(25:20 / All) CAMELOT-ARTHUR: i do
(25:22 / All) CAMELOT-ARTHUR: deep down
(25:23 / Allies) ExitMusic: All I have gained is pity for you
(25:35 / Allies) ExitMusic: It must suck to get beaten up during recess
(25:41 / Allies) ExitMusic: but, as they say, it gets better
(25:44 / All) CAMELOT-ARTHUR: those days are over yellow
(25:49 / Allies) ExitMusic: Just realize that someday, green, it gets better
(26:07 / Allies) ExitMusic: Some day the bullies will leave you alone, don't worry
(26:20 / Allies) ExitMusic: I know you are powerless over the mean kids who beat you up for lunch money
(26:21 / All) CAMELOT-ARTHUR: u dont get bullied when ur 25
(26:34 / Allies) ExitMusic: and I am glad I can make you feel like you're not a complete pussy
(26:41 / Allies) ExitMusic: You're 25 and you're acting like this?
(26:43 / Allies) ExitMusic: Wow, so sad
(26:48 / Allies) ExitMusic: I would have guessed you were 12
(26:50 / Allies) ExitMusic: maybe 13
(27:23 / All) CAMELOT-ARTHUR: like i said, this is an issue over pride
(27:42 / Allies) ExitMusic: and like I said, you have issues
(27:51 / Allies) ExitMusic: not just pride issues
(28:31 / All) CAMELOT-ARTHUR: i will not let you get yoru satisfaction yellow
(28:40 / Allies) ExitMusic: I already did
(28:46 / Allies) ExitMusic: learning how much of a faggot you are
(28:55 / Allies) ExitMusic: and feeling a lot better about myself in the process
(29:02 / Allies) ExitMusic: so you tk me again
(29:04 / Allies) ExitMusic: I don't care
(29:12 / All) CAMELOT-ARTHUR: naw ill protect you
(29:19 / Allies) ExitMusic: You're not proving any point
(30:23 / All) CAMELOT-ARTHUR: the next time we meet yellow, i will call myself the "fellow with pride"
(30:40 / All) MittRomneyFresh: teal
(30:41 / All) MittRomneyFresh: wheres ur base
(30:43 / Allies) ExitMusic: and I will call you the "fellow who needs a girlfriend"
(30:44 / All) MittRomneyFresh: and army?
(30:57 / All) CAMELOT-ARTHUR: lawl red tked teal